Map: Kairos Junction LE

Players

llIllllIllll - Winner!

  • Race: Zerg Zerg
  • League: Master
  • Spawn Location: 5:00

ClsClassiC

  • Race: Protoss Protoss
  • League: Master
  • Spawn Location: 11:00

VOD

Have the link to the VOD?

Description

Time

  • Played on: Jan. 17, 2019, 1:07 a.m.
  • Length: 5:46
Show
View Real Time Build Order
Export as new Build Order

llIllllIllll Zerg - Winner!

Build Orders: Pool First 

Get SALT Encoding   

  12  0:01  Drone  
  13  0:08  Drone  
  14  0:19  Extractor  
  13  0:32  Spawning Pool  
  13  0:33  Drone  
  14  0:38  Extractor  
  14  0:41  Drone  
  14  0:49  Overlord  
  15  1:16  Hatchery  
  14  1:34  Zergling x6  
  17  1:52  Hatchery  
  16  2:00  Overlord  
  17  2:22  Hatchery  
  16  2:30  Zergling x2  
  16  2:31  Queen  
  19  2:41  Zergling x2  
  19  2:52  Zergling x2  
  20  3:02  Zergling x2  
  21  3:17  Drone  
  19  3:35  Spine Crawler  
  19  3:36  Zergling x4  
  20  3:43  Queen  
  20  3:47  Zergling x6  
  24  3:53  Spine Crawler  
  23  3:56  Zergling x2  
  23  4:01  Zergling x2  
  25  4:14  Zergling x2  
  26  4:19  Queen  
  25  4:30  Zergling x4  
  25  4:31  Zergling x2  
  23  4:42  Zergling x2  
  24  4:54  Queen  
Show
View Real Time Build Order
Export as new Build Order

ClsClassiC Protoss 

Build Orders: Nexus First 

Get SALT Encoding   

  12  0:00  Probe  
  13  0:13  Probe  
  14  0:25  Probe  
  14  0:27  Pylon  
  15  0:45  Probe  
  16  0:57  Probe  
  16  1:01  Nexus  
  17  1:09  Probe  
  18  1:21  Probe  
  19  1:28  Forge  
  19  1:33  Probe  
  20  1:45  Probe  
  21  2:01  Photon Cannon  
  21  2:03  Photon Cannon  
  21  2:06  Photon Cannon  
  21  2:09  Gateway  
  21  2:14  Pylon  
  21  2:20  Assimilator  
  21  2:23  Assimilator  
  21  2:28  Pylon  
  21  2:31  Probe x2  
  22  2:58  Photon Cannon  
  22  3:17  Photon Cannon  
  21  3:25  Probe  
  21  3:26  Probe  
  18  3:43  Pylon  
  18  3:57  Probe  
  18  3:58  Probe  
  20  4:12  Photon Cannon  
  20  4:20  Probe x2  
  11  4:49  Probe  
Tags
 
Add a new tag
Caveats
  • Supply blocks, unpowered buildings, or Contaminate may cause inaccurate times.
  • Supply counts are checked every 10 seconds.